Map: Cerulean Fall LE

Players

Piroxiljin

  • Race: Terran Terran
  • Spawn Location: 7:00

A.I. 1 (Hard) - Winner!

  • Race: Terran Terran
  • Spawn Location: 1:00

VOD

Have the link to the VOD?

Description

Time

  • Played on: Jan. 19, 2019, 7:05 a.m.
  • Length: 13:32
Show
View Real Time Build Order
Export as new Build Order

Piroxiljin Terran 

Build Orders: Mech 

Get SALT Encoding   

  12  0:02  SCV  
  13  0:15  SCV  
  13  0:19  Supply Depot  
  14  0:32  SCV, Refinery  
  15  0:44  SCV  
  16  0:50  Barracks  
  16  0:56  SCV  
  17  1:03  Refinery  
  17  1:08  SCV  
  18  1:22  SCV  
  19  1:34  SCV  
  19  1:38  Barracks Tech Lab  
  20  1:44  Supply Depot  
  20  1:57  Factory  
  20  2:00  Concussive Shells  
  20  2:02  Marauder  
  22  2:11  Supply Depot  
  22  2:27  Marauder  
  24  2:39  Factory  
  24  2:49  Armory  
  24  3:04  Barracks Tech Lab  
  24  3:07  Cyclone  
  24  3:12  SCV  
  28  3:24  SCV  
  29  3:45  Siege Tank  
  32  3:49  Barracks Reactor  
  32  3:56  Supply Depot  
  32  4:06  Terran Vehicle Weapons Level 1  
  32  4:14  Engineering Bay  
  32  4:16  Orbital Command  
  32  4:32  Thor  
  28  5:11  Factory  
  28  5:26  Siege Tank  
  31  5:31  Supply Depot  
  31  5:46  Widow Mine  
  31  5:48  Drilling Claws  
  34  5:50  SCV  
  34  5:55  Barracks Tech Lab  
  34  6:00  Command Center  
  34  6:09  SCV  
  35  6:12  Infernal Pre-Igniter  
  35  6:18  Terran Vehicle And Ship Armor Level 1  
  35  6:21  SCV  
  35  6:23  Hellion x2  
  40  6:33  Supply Depot x2  
  40  6:46  Widow Mine  
  42  6:57  Siege Tank  
  42  7:01  Hellbat x2  
  49  7:06  Supply Depot  
  49  7:08  Widow Mine  
  47  7:56  SCV  
  48  7:59  Refinery  
  48  8:03  Cyclone x2  
  54  8:07  Hellbat x2  
  54  8:10  Marauder  
  60  8:16  SCV  
  59  8:28  SCV, Hellbat  
  60  8:35  Cyclone  
  63  9:06  Widow Mine  
  63  9:07  Cyclone, Widow Mine  
  63  9:09  Siege Tank  
  73  9:22  Starport  
  73  9:23  SCV  
  74  9:28  Hellbat  
  74  9:39  Thor  
  80  9:46  Cyclone  
  53  10:10  Marauder  
  55  10:16  SCV  
  55  10:18  Cyclone  
  55  10:20  Refinery  
  59  10:28  SCV  
  60  10:32  Marauder  
  62  10:53  Command Center  
  62  11:07  Marauder  
  62  11:10  Starport Tech Lab  
  64  11:21  Supply Depot  
  64  11:24  Supply Depot  
  64  11:28  Marauder, Hi-Sec Auto Tracking  
  64  11:32  Widow Mine  
  70  11:33  Widow Mine  
  70  11:44  SCV  
  70  11:46  SCV  
  72  11:54  Hellion, Hellbat  
  76  11:56  SCV  
  76  11:58  SCV  
  78  12:09  SCV  
  78  12:15  Hellbat  
  81  12:21  SCV  
  41  12:50  Siege Tank x2  
  45  12:56  Hellion x2  
  35  13:21  Barracks  
Show
View Real Time Build Order
Export as new Build Order

A.I. 1 (Hard) Terran - Winner!

Build Orders:  

Get SALT Encoding   

  12  0:00  SCV  
  13  0:13  SCV  
  14  0:18  Supply Depot  
  14  0:25  SCV  
  15  0:40  SCV  
  16  0:45  Barracks  
  16  0:50  Refinery  
  16  0:52  SCV  
  17  1:04  SCV  
  18  1:16  SCV  
  19  1:21  Supply Depot  
  19  1:32  SCV, Marine  
  21  1:44  Orbital Command  
  21  1:53  Barracks Tech Lab, Supply Depot  
  21  2:02  Barracks  
  21  2:11  Marauder  
  23  2:23  SCV  
  24  2:31  Refinery  
  24  2:32  Marine  
  24  2:35  SCV  
  26  2:37  Supply Depot  
  26  2:47  SCV  
  26  2:49  Engineering Bay, Marine  
  26  2:50  Marine  
  29  2:59  SCV  
  30  3:07  Marine  
  30  3:08  Marine  
  30  3:11  SCV  
  33  3:23  SCV  
  33  3:24  Marine  
  33  3:26  Marauder  
  37  4:13  Barracks Tech Lab  
  37  4:14  Terran Infantry Weapons Level 1, Marauder, Stimpack  
  37  4:15  Factory  
  39  4:17  Supply Depot  
  39  4:20  Missile Turret  
  38  4:24  SCV  
  38  4:30  Missile Turret  
  38  4:31  Combat Shield  
  39  4:34  Marine  
  39  4:36  Marauder  
  42  4:51  Bunker  
  42  4:53  Marauder  
  42  4:57  Marine  
  42  4:59  Factory Tech Lab  
  43  5:11  Factory  
  44  5:14  Reaper  
  44  5:16  Marauder  
  44  5:31  Barracks  
  44  5:36  Command Center  
  44  5:37  Reaper  
  45  5:46  Marine  
  46  5:50  Concussive Shells  
  46  5:54  Factory Tech Lab  
  46  5:57  Starport  
  46  5:58  Supply Depot  
  48  6:04  Marauder  
  48  6:08  Terran Infantry Armor Level 1  
  48  6:35  Starport Tech Lab  
  48  6:49  SCV  
  48  6:51  SCV  
  48  6:52  Refinery  
  50  6:56  Raven  
  50  6:57  Missile Turret  
  50  6:59  Missile Turret  
  50  7:00  Refinery  
  52  7:01  SCV  
  52  7:03  SCV  
  54  7:13  SCV  
  54  7:15  SCV  
  56  7:18  Sensor Tower  
  56  7:21  Bunker  
  56  7:25  SCV  
  56  7:27  SCV  
  56  7:29  Armory  
  58  7:32  Barracks Reactor  
  58  7:38  SCV  
  58  7:39  Raven, SCV  
  62  7:50  SCV  
  63  7:51  SCV  
  64  8:02  SCV  
  64  8:03  SCV  
  66  8:10  Siege Tank  
  69  8:14  SCV, Starport  
  69  8:16  Siege Tank  
  69  8:17  Supply Depot  
  68  8:29  Marine  
  63  8:39  Medivac  
  65  8:43  Siege Tank, Marine  
  65  8:45  Supply Depot  
  69  8:49  Marine  
  69  8:50  Medivac  
  69  8:54  Marine  
  73  9:00  Marine  
  74  9:06  Hellion  
  74  9:09  Medivac  
  78  9:15  Hellion  
  80  9:20  Supply Depot  
  80  9:21  Starport Tech Lab  
  79  9:28  Siege Tank  
  79  9:31  SCV  
  83  9:34  SCV  
  83  9:36  Siege Tank  
  86  9:39  Raven  
  86  9:42  Command Center  
  86  9:43  SCV  
  86  9:45  Supply Depot  
  89  9:46  SCV  
  90  9:55  SCV  
  85  10:00  Siege Tank, Marine  
  85  10:06  Marine  
  86  10:12  Marine  
  87  10:18  Hellion  
  89  10:24  Supply Depot  
  89  10:32  Hellion  
  91  10:39  Siege Tank  
  91  10:40  Terran Infantry Weapons Level 2  
  94  10:50  Engineering Bay  
  94  10:53  Siege Tank  
  94  10:55  SCV  
  94  10:56  SCV  
  99  10:57  Refinery  
  99  10:58  SCV  
  100  11:07  SCV, Terran Vehicle Weapons Level 1  
  100  11:09  SCV  
  100  11:10  SCV  
  103  11:11  Siege Tank  
  103  11:15  Terran Infantry Armor Level 2  
  103  11:18  Missile Turret  
  106  11:19  SCV  
  106  11:21  SCV  
  106  11:23  SCV  
  108  11:26  Missile Turret, Refinery  
  108  11:31  SCV  
  109  11:33  SCV, Ghost Academy  
  109  11:35  SCV  
  111  11:43  SCV  
  111  11:45  SCV, Fusion Core  
  111  11:47  Bunker  
  113  11:48  SCV  
  113  11:53  Armory  
  114  11:55  SCV  
  114  11:57  SCV, Marine  
  114  12:00  Supply Depot, Marine  
  118  12:12  Marine  
  118  12:15  Marauder, Marine  
  122  12:18  Marine  
  122  12:21  Viking  
  124  12:26  Supply Depot  
  121  12:30  Marine  
  121  12:33  Raven, Marine  
  121  12:36  Marauder  
  120  12:37  Marauder  
  118  12:48  Marine  
  118  12:51  Marine  
  122  12:52  Supply Depot  
  122  12:58  Marauder x2  
  126  13:06  Marine  
  126  13:08  Marine  
  128  13:15  SCV  
  128  13:16  SCV  
  128  13:17  Supply Depot  
Tags
 
Composition
Mech
Matchup
TvT
Race
Terran
Spawn Locations
Cross Positions
Add a new tag
Caveats
  • Supply blocks, unpowered buildings, or Contaminate may cause inaccurate times.
  • Supply counts are checked every 10 seconds.